 Dungeon Crawl Stone Soup version 0.20.1-1-g8b1a95d (webtiles) character file.

86 Fandomethor the Slasher (level 4, -17/33 HPs)
             Began as a Demonspawn Gladiator on Sept 24, 2017.
             Demolished by an ogre
             ... wielding a +0 giant club
              (30 damage)
             ... on level 4 of the Dungeon.
             The game lasted 00:03:45 (1819 turns).

Fandomethor the Slasher (Demonspawn Gladiator)      Turns: 1819, Time: 00:03:45

Health: -17/33     AC:  4    Str: 14    XL:     4   Next: 27%
Magic:  4/4        EV: 13    Int: 10    God:
Gold:   150        SH:  0    Dex: 20    Spells: 3/3 levels left

rFire    + . .     SeeInvis .   a - +0 long sword
rCold    . . .     Gourm    .   (no shield)
rNeg     . . .     Faith    .   b - +0 leather armour
rPois    .         Spirit   .   c - +0 helmet
rElec    .         Reflect  .   (no cloak)
rCorr    .         Harm     .   (no gloves)
MR       .....                  (no boots)
Stlth    ++........             (no amulet)
Regen    0.2/turn               m - +5 ring of dexterity
MPRegen  0.1/turn               (no ring)

@: no status effects
A: fire resistance 1, powered by death 1, flame cloud immunity
a: no special abilities


You were on level 4 of the Dungeon.
You were near starving.

You visited 1 branch of the dungeon, and saw 4 of its levels.

You collected 150 gold pieces.

Inventory:

Hand Weapons
 a - a +0 long sword (weapon)
Missiles
 d - 3 throwing nets (quivered)
Armour
 b - a +0 leather armour (worn)
 c - a +0 helmet (worn)
Jewellery
 m - a +5 ring of dexterity (left hand)
Scrolls
 h - 2 scrolls of teleportation {unknown}
 k - a scroll of noise {unknown}
 n - a scroll of identify {unknown}
 r - a scroll of magic mapping {unknown}
 s - a scroll of immolation {unknown}
 t - a scroll of blinking {unknown}
Potions
 e - a potion of invisibility {unknown}
 g - a potion of agility {unknown}
 i - a potion of curing {unknown}
 j - 2 potions of lignification {unknown}
 o - a potion of ambrosia {unknown}
 q - a potion of experience {unknown}
 u - a potion of might {unknown}
Comestibles
 f - 5 bread rations
 l - 5 fruits
 p - a royal jelly


   Skills:
 - Level 2.0 Fighting
 + Level 4.6 Long Blades
 - Level 1.7 Throwing
 - Level 2.6 Dodging


You had 3 spell levels left.
You didn't know any spells.

Dungeon Overview and Level Annotations

Branches:
Dungeon (4/15)
 Temple: D:4-7

Altars:
Nemelex Xobeh

Shops:
D:4 (


Innate Abilities, Weirdness & Mutations

Your flesh is heat resistant. (rF+)
You regenerate a little health from kills.
You are immune to clouds of flame.


Message History

Something unseen opens the door.
Found 8 gold pieces.
An ogre comes into view. It is wielding a giant club.
An ogre is nearby!
You hit the ogre.
The ogre is lightly wounded.
The ogre barely misses you.
You riposte.
You barely miss the ogre.
The ogre is lightly wounded.
You slash the ogre!
The ogre is moderately wounded.
The ogre hits you with a giant club!!
Ouch! That really hurt!
The ogre closely misses you.
You riposte.
You slash the ogre!
The ogre is severely wounded.
There is an open door here.
You hit the ogre.
The ogre is severely wounded.
The ogre hits you with a giant club!!
Ouch! That really hurt!
You die...

........>......#
...............#
##........#
#...#<#'###
#....'...'.#.########
#.$..#...###........#
#....+....##........#
#... #....##O.......#
#... #...(##@.......#
#.. #....##........#
#.. ####.##.......[#
#.########
############'#####
.................#
###########......#
#......#
#####+##......#


You could see an ogre.

Vanquished Creatures
  4 adders
  2 worms (D:2)
  4 leopard geckos
  An orc (D:3)
  3 bats
  A giant cockroach (D:1)
  9 goblins
  5 hobgoblins
  5 kobolds
  2 frilled lizards
  5 rats
41 creatures vanquished.

Notes
Turn   | Place    | Note
-------+----------+-------------------------------------------
     0 | D:1      | Fandomethor the Demonspawn Gladiator began the quest for the Orb.
     0 | D:1      | Reached XP level 1. HP: 16/16 MP: 1/1
    73 | D:1      | Reached skill level 3 in Long Blades
   157 | D:1      | Gained mutation: Your flesh is heat resistant. (rF+) [demonic ancestry]
   157 | D:1      | Reached XP level 2. HP: 19/22 MP: 2/2
   506 | D:1      | Found a sparkling altar of Nemelex Xobeh.
   693 | D:1      | Gained mutation: You are immune to clouds of flame. [demonic ancestry]
   693 | D:1      | Reached XP level 3. HP: 27/27 MP: 3/3
   804 | D:2      | Reached skill level 4 in Long Blades
  1258 | D:3      | Gained mutation: You regenerate a little health from kills. [demonic ancestry]
  1258 | D:3      | Reached XP level 4. HP: 27/33 MP: 4/4
  1315 | D:3      | HP: 1/33 [poisoned by an adder]
  1730 | D:4      | Found Caur's Weapon Shoppe.
  1805 | D:4      | Noticed an ogre
  1819 | D:4      | Demolished by an ogre

Skill      XL: |  1  2  3 |
---------------+----------+-----
Long Blades    | 3 4 |  4.6
Fighting       | |  2.0
Throwing       | |  1.7
Dodging        | |  2.6

Action                   |  1- 3 |  4- 6 || total
-------------------------+-------+-------++-------
Melee: Long sword        |    98 |    22 ||   120
 Stab: Sleeping          |       |     1 ||     1
  Eat: Chunk             |     1 |       ||     1
Armor: Leather armour    |    25 |     4 ||    29
Dodge: Dodged            |    73 |    20 ||    93
       Rpst.: Long sword |    19 |     5 ||    24
